 Dungeon Crawl Stone Soup version 0.27.1-1-g398f81649c (webtiles) character file.

Game seed: 3791928493367125625

4860 funkygono the Arsonist (level 10, -2/52 HPs)
             Began as a Gargoyle Fire Elementalist on Sept 6, 2021.
             Was a Follower of Vehumet.
             Killed from afar by a gargoyle (11 damage)
             ... with a stone arrow
             ... on level 11 of the Dungeon.
             The game lasted 00:26:39 (11698 turns).

funkygono the Arsonist (GrFE)                      Turns: 11698, Time: 00:26:40

Health: -2/52      AC: 17    Str: 12    XL:     10   Next: 50%
Magic:  19/31      EV: 12    Int: 19    God:    Vehumet [*.....]
Gold:   348        SH:  0    Dex: 10    Spells: 6/25 levels left

rFire    + . .     SeeInvis .   h - +1 flail (protect)
rCold    + . .     Faith    .   (no shield)
rNeg     + + .     Spirit   .   z - +3 leather armour {rN+}
rPois    ∞         Reflect  .   c - +2 helmet of Iffueb {rC+}
rElec    +         Harm     .   (no cloak)
rCorr    .         Rampage  .   (no gloves)
Will     .....                  (no boots)
Stlth    ++........             (no amulet)
HPRegen  0.17/turn              d - ring of magical power
MPRegen  0.22/turn              o - ring of protection from fire

@: no status effects
A: sickness immunity, AC +7, negative energy resistance 1, electricity
resistance, torment resistance 1, petrification resistance
a: Renounce Religion


You were on level 11 of the Dungeon.
You worshipped Vehumet.
Vehumet was aware of your devotion.
You visited 1 branch of the dungeon, and saw 9 of its levels.
You also visited: Sewer.

You collected 348 gold pieces.

Inventory:

Hand Weapons
 h - a +1 flail of protection (weapon)
 r - a +0 whip of freezing
Missiles
 b - 222 stones
Armour
 a - a +1 robe
 c - the +2 helmet of Iffueb (worn) {rC+}
   (You found it on level 5 of the Dungeon)

   rC:        It protects you from cold.
 z - a +3 leather armour of positive energy (worn)
Jewellery
 d - a ring of magical power (left hand)
 e - a ring of see invisible
 l - an amulet of faith
 o - a ring of protection from fire (right hand)
 w - a +6 ring of dexterity
Wands
 x - a wand of flame (15)
 B - a wand of paralysis (11)
Scrolls
 f - 3 scrolls of teleportation
 g - 4 scrolls of summoning
 k - 2 scrolls of enchant armour
 m - 2 scrolls of fog
 p - a scroll of fear
 y - a scroll of brand weapon
 A - a scroll of blinking
Potions
 i - a potion of haste
 j - a potion of curing
 n - 5 potions of flight
 s - a potion of berserk rage {unknown}
 t - a potion of mutation
 u - a potion of ambrosia
 v - a potion of lignification {unknown}


   Skills:
 + Level 1.2 Fighting
 + Level 0.8 Maces & Flails
 * Level 5.3 Armour
 + Level 2.8 Dodging
 - Level 2.1 Stealth
 * Level 8.2 Spellcasting
 * Level 7.9 Conjurations
 * Level 8.6 Fire Magic


You had 6 spell levels left.
You knew the following spells:

 Your Spells              Type           Power      Damage    Failure   Level
a - Foxfire               Conj/Fire      100%       2x1d9     1%          1
b - Conjure Flame         Conj/Fire      39%        6-21      1%          3
c - Sticky Flame          Conj/Fire      39%        2d6       3%          4
d - Fireball              Conj/Fire      19%        3d9       11%         5
e - Starburst             Conj/Fire      19%        6d7       50%         6

Your spell library contained the following spells:

 Spells                   Type           Power      Damage    Failure   Level
 Freeze                   Ice            28%        1d5       12%         1
 Inner Flame              Hex/Fire       24%        N/A       6%          3
 Dazzling Flash           Conj/Hex       44%        N/A       7%          3
 Animate Skeleton         Necr           14%        N/A       12%         1
 Apportation              Tloc           14%        N/A       12%         1
 Corona                   Hex            7%         N/A       12%         1
 Summon Small Mammal      Summ           28%        N/A       12%         1
 Blink                    Tloc           N/A        N/A       17%         2
 Corpse Rot               Necr/Air       N/A        N/A       17%         2
 Passwall                 Tmut/Erth      5%         N/A       17%         2
 Poisonous Vapours        Pois/Air       14%        N/A       17%         2
 Fulminant Prism          Conj/Hex       11%        3d9       22%         4
 Iskenderun's Mystic Bla  Conj/Tloc      22%        2d6       22%         4
 Lesser Beckoning         Tloc           3%         N/A       34%         3
 Swiftness                Air            7%         N/A       34%         3
 Freezing Cloud           Conj/Ice/Air   8%         6-21      71%         5
 Passage of Golubria      Tloc           N/A        N/A       75%         4
 Lee's Rapid Deconstruct  Erth           3%         3d6*      97%         5
 Manifold Assault         Tloc           7%         N/A       97%         5
 Silence                  Hex/Air        3%         N/A       97%         5
 Invisibility             Hex            3%         N/A       100%        6
 Lehudib's Crystal Spear  Conj/Erth      11%        10d4      100%        8


Dungeon Overview and Level Annotations

Branches:
Dungeon (8/15)             Temple (0/1) D:7           Sewer (visited)
   Lair: D:8-11

Altars:
Cheibriados
Dithmenos
Hepliaklqana
Makhleb
Nemelex Xobeh
Sif Muna
Vehumet
Xom
Zin

Shops:
D:3 [   D:5 *   D:6 :

Annotations:
D:3 3 runed translucent doors, mavignon's ghost, amateur FoHu


Innate Abilities, Weirdness & Mutations

You are immune to sickness and miasma.
Your stone body is resilient. (AC +7)
You are immune to poison.
You resist negative energy. (rN+)
You are resistant to electric shocks. (rElec)
You are resistant to unholy torment.
You are immune to petrification.


Message History

Casting: Foxfire (safe; 1% risk of failure)
Confirm with . or Enter, or press ? or * to list all spells.
You conjure some foxfire!
Unknown command.
The foxfire hits the gargoyle!
The gargoyle is moderately damaged.
The foxfire hits the gargoyle.
The gargoyle is moderately damaged.
Casting: Foxfire (safe; 1% risk of failure)
Confirm with . or Enter, or press ? or * to list all spells.
You conjure some foxfire!
The gargoyle hits you but does no damage.
Unknown command.
The foxfire hits the gargoyle but does no damage.
The gargoyle is moderately damaged.
The foxfire hits the gargoyle but does no damage.
The gargoyle is moderately damaged.
Casting: Foxfire (safe; 1% risk of failure)
Confirm with . or Enter, or press ? or * to list all spells.
You conjure some foxfire!
The foxfire hits the yak.
The yak is lightly wounded.
The gargoyle hurls a stone arrow at you.
The stone arrow hits you!
* * * LOW HITPOINT WARNING * * *
The foxfire hits the gargoyle but does no damage.
The gargoyle is moderately damaged.
Casting: Foxfire (safe; 1% risk of failure)
Confirm with . or Enter, or press ? or * to list all spells.
You conjure some foxfire!
The foxfire hits the yak!
The yak is moderately wounded.
The gargoyle misses you.
Unknown command.
The foxfire hits the gargoyle but does no damage.
The gargoyle is moderately damaged.
Casting: Foxfire (safe; 1% risk of failure)
Confirm with . or Enter, or press ? or * to list all spells.
Okay, then.
The gargoyle hurls a stone arrow at you.
The stone arrow hits you!
You die...

.######.######..##
..................
..................
#.................
#.######..########
# #..# ##.######Y.#
.^......9..########
.......@...........
###################


You could see a yak and a gargoyle.

Vanquished Creatures
  A centaur warrior (D:8)
  Sigmund (D:4)
  4 yaks (D:11)
  Grum (D:8)
  Eustachio (D:4)
  Menkaure (D:4)
  2 wargs (D:8)
  Edmund (D:5)
  A water moccasin (D:7)
  Duvessa (D:6)
  2 sky beasts
  A black bear (D:7)
  A necrophage (D:5)
  4 ogres
  3 wolves (D:8)
  2 phantoms
  A centaur (D:7)
  Blork the orc (D:4)
  A kobold brigand (D:8)
  A wyvern zombie (D:5)
  3 scorpions
  Dowan (D:6)
  5 wights (D:8)
  A howler monkey (D:7)
  A bullfrog skeleton (D:5)
  3 hounds
  2 bullfrog zombies (D:6)
  A centaur skeleton (D:7)
  A gnoll shaman (D:5)
  4 orc wizards
  3 iguanas
  8 gnolls
  A howler monkey skeleton (D:7)
  A river rat (D:3)
  3 adders (D:2)
  A shadow imp (D:6)
  A white imp (D:6)
  3 worms
  4 dart slugs
  12 orcs
  9 ball pythons
  10 endoplasms
  7 giant cockroaches
  6 goblins
  7 hobgoblins
  13 jackals
  5 quokkas
  13 bats
  8 frilled lizards
  15 kobolds
  8 rats
191 creatures vanquished.

Vanquished Creatures (others)
  967 foxfires
967 creatures vanquished.

Grand Total: 1158 creatures vanquished

Notes
Turn   | Place    | Note
-------+----------+-------------------------------------------
     0 | D:1      | funkygono the Gargoyle Fire Elementalist began the quest
                  | for the Orb.
     0 | D:1      | Reached XP level 1. HP: 10/10 MP: 3/3
   166 | D:1      | Reached XP level 2. HP: 11/15 MP: 0/5
   361 | D:1      | Found a faded altar of an unknown god.
   910 | D:1      | Reached XP level 3. HP: 19/19 MP: 6/6
   940 | D:1      | Learned a level 3 spell: Conjure Flame
  1832 | D:2      | Reached XP level 4. HP: 24/24 MP: 8/8
  2687 | D:3      | Found a runed translucent gate.
  2689 | D:3      | Found a runed translucent gate.
  2690 | D:3      | Found a runed translucent gate.
  2690 | D:3      | Noticed mavignon's ghost (amateur FoHu)
  2841 | D:3      | Found a glowing drain.
  2849 | D:3      | Reached XP level 5. HP: 28/28 MP: 9/9
  2857 | Sewer    | Entered a sewer
  3810 | D:3      | Found a burning altar of Makhleb.
  3815 | D:3      | Found a glowing silver altar of Zin.
  3815 | D:3      | Noticed a balrug
  3815 | D:3      | Noticed an angel
  3839 | D:3      | Found Sesmeg's Armour Shop.
  4486 | D:4      | Reached XP level 6. HP: 28/32 MP: 10/11
  4661 | D:4      | Noticed Menkaure
  4667 | D:4      | Killed Menkaure
  4773 | D:4      | Noticed Sigmund
  4802 | D:4      | Noticed Eustachio
  4903 | D:4      | HP: 1/32 [Eustachio (7)]
  5343 | D:4      | Reached XP level 7. HP: 24/36 MP: 13/13
  5346 | D:4      | Noticed Blork the orc
  5352 | D:4      | Killed Blork the orc
  5353 | D:4      | Reached skill level 5 in Fire Magic
  5565 | D:4      | Learned a level 4 spell: Sticky Flame
  5571 | D:4      | Learned a level 5 spell: Fireball
  5783 | D:4      | Killed Eustachio
  6090 | D:4      | Killed Sigmund
  6091 | D:4      | Reached skill level 5 in Spellcasting
  6557 | D:5      | Entered Level 5 of the Dungeon
  6562 | D:5      | Reached XP level 8. HP: 33/42 MP: 15/15
  6814 | D:5      | Reached skill level 1 in Armour
  6933 | D:5      | Identified the +2 helmet of Iffueb {rC+}
  6953 | D:5      | Reached skill level 5 in Conjurations
  7125 | D:5      | Found a radiant altar of Vehumet.
  7131 | D:5      | Became a worshipper of Vehumet
  7234 | D:5      | Found a shadowy altar of Dithmenos.
  7250 | D:5      | Noticed Edmund
  7388 | D:5      | Killed Edmund
  7661 | D:5      | Found Cuxebu's Assorted Antiques.
  7853 | D:6      | Reached XP level 9. HP: 46/46 MP: 18/18
  8064 | D:6      | Found a snail-covered altar of Cheibriados.
  8273 | D:6      | Noticed Dowan
  8278 | D:6      | Killed Dowan
  8281 | D:6      | Noticed Duvessa
  8291 | D:6      | Killed Duvessa
  8455 | D:6      | Found a shimmering blue altar of Sif Muna.
  8546 | D:6      | Found a hazy altar of Hepliaklqana.
  8547 | D:6      | Found a shimmering altar of Xom.
  8569 | D:6      | Noticed a spectral ugly thing
  8607 | D:6      | Found Omila's Book Boutique.
  8687 | D:6      | Reached * piety under Vehumet
  8687 | D:6      | Offered knowledge of Freeze by Vehumet.
  9102 | D:7      | Found a staircase to the Ecumenical Temple.
  9562 | D:7      | Found a sparkling altar of Nemelex Xobeh.
 10442 | D:7      | Learned a level 6 spell: Starburst
 10524 | D:8      | Noticed a centaur warrior
 10538 | D:8      | Killed a centaur warrior
 10539 | D:8      | Reached skill level 1 in Fighting
 10539 | D:8      | Reached XP level 10. HP: 5/52 MP: 16/21
 11006 | D:8      | Reached skill level 5 in Armour
 11418 | D:8      | Noticed Grum
 11458 | D:8      | Killed Grum
 11622 | D:8      | You fall into a shaft and drop 3 floors!
 11647 | D:11     | Noticed a gargoyle
 11698 | D:11     | Killed from afar by a gargoyle

Illustrated notes

Levels and vault maps discovered:
D:1:      ebering_trefoil_3fold, layout_basic,
          chequers_ecumenical_altar_simple_redux
D:2:      layout_loops_corners
D:3:      layout_basic, grunt_temple_overflow_order_and_chaos_2,
          gammafunk_ghost_split, cheibrodos_sewer_entry_sluice, serial_shops,
          shop
D:4:      layout_loops_ring, uniq_sigmund, uniq_blork_the_orc, uniq_menkaure,
          uniq_eustachio
D:5:      layout_cave_pools, mainiacjoe_overflow_tiny_flanked, serial_shops,
          shop, kennysheep_small_circle, uniq_edmund
D:6:      layout_cave_pods, regret_index_temple_of_mockery,
          mainiacjoe_overflow_boulevard, lemuel_blue_sif_altar, serial_shops,
          nicolae_stop_n_shop_2, kennysheep_generic_room_12, uniq_duvessa
D:7:      layout_layer_cave, mainiacjoe_overflow_alcove_4,
          minmay_temple_entry_slanted
D:8:      layout_gridville, mainiacjoe_overflow_24_doors, tso_altar,
          erik_lair_orcish_takeover, st_stairs_7, uniq_grum, uniq_harold
D:11:     layout_long_grid

Skill      XL: |  1  2  3  4  5  6  7  8  9 10 |
---------------+-------------------------------+-----
Conjurations   | 2 3 4 5 7 |  7.9
Fire Magic     | 4 5 6 8 |  8.6
Spellcasting   | 3 4 5 6 7 8 |  8.2
Dodging        | 2 |  2.8
Armour         | 2 4 5 |  5.3
Fighting       | 1 |  1.2
Maces & Flails | |  0.8
Stealth        | |  2.1

Action                   |  1- 3 |  4- 6 |  7- 9 | 10-12 || total
-------------------------+-------+-------+-------+-------++-------
Melee: Unarmed           |     2 |       |       |       ||     2
       Club              |       |     4 |       |       ||     4
       Whip              |       |     8 |     5 |       ||    13
       Flail             |       |       |     3 |    27 ||    30
 Cast: Foxfire           |    85 |   168 |   238 |    67 ||   558
       Sticky Flame      |       |       |     9 |     9 ||    18
  Use: Scroll            |       |       |    17 |       ||    17
       Potion            |       |       |       |     1 ||     1
Armor: Robe              |    13 |    49 |    26 |       ||    88
       Leather armour    |       |       |    38 |    31 ||    69
Dodge: Dodged            |    23 |    66 |    70 |    70 ||   229
